| TOP OF THE 1ST |
|
Oklahoma City Dodgers batting - Pitching for Louisville Bats : RHP Matt Moffat
|
|
Pitching: RHP Matt Moffat
|
|
|
Batting: RHB Theo Schepers
|
0-0: Fly out, F4 (Popup, 13, EV 90.6 MPH)
|
|
Batting: RHB Jason Baldwin
|
0-0: Ball 1-0: Fly out, F7 (Line Drive, 7S, EV 95.0 MPH)
|
|
Batting: RHB Tommy Hunter
|
0-0: Ball 1-0: Ball 2-0: Called Strike 2-1: Ball 3-1: Base on Balls
|
|
Batting: RHB Carlos Gonzalez
|
0-0: Foul Ball, location: 2F 0-1: Ball 1-1: Ball 2-1: Swinging Strike 2-2: SINGLE (Flyball, 34D, EV 88.1 MPH) Tommy Hunter to second Runner from 2nd tries for 3rd, SAFE, throw by RF made to third
|
|
Batting: RHB Alex Cid
|
0-0: Swinging Strike 0-1: Ground out 1-3 (Groundball, 13S, EV 66.2 MPH)
|
| Top of the 1st over - 0 runs, 1 hit, 0 errors, 2 left on base; Oklahoma City 0 - Louisville 0 |
| BOTTOM OF THE 1ST |
|
Louisville Bats batting - Pitching for Oklahoma City Dodgers : LHP Elijah McLeod
|
|
Pitching: LHP Elijah McLeod
|
|
|
Batting: RHB Won-jun Park
|
0-0: Swinging Strike 0-1: Foul Ball, location: 2F 0-2: Ball 1-2: Ball 2-2: Foul Ball, location: 2F 2-2: Ball 3-2: SINGLE (Groundball, 6MD, EV 94.4 MPH)
|
|
Batting: SHB Paul Sandoval
|
0-0: Ball 1-0: Grounds into double play, 5-4-3 (Groundball, 5, EV 108.8 MPH)
|
|
Batting: RHB Bruno André
|
0-0: Called Strike 0-1: Ball 1-1: Foul Ball, location: 2F 1-2: Hit by Pitch
|
|
Batting: RHB Juan Reyes
|
0-0: Ball Bruno André steals 2nd base 1-0: Ball 2-0: Called Strike 2-1: Foul Ball, location: 2F 2-2: Foul Ball, location: 2F 2-2: Foul Ball, location: 2F 2-2: Foul Ball, location: 2F 2-2: Ball 3-2: Foul Ball, location: 2F 3-2: Foul Ball, location: 2F 3-2: Base on Balls
|
|
Batting: LHB Leo Gomez
|
0-0: Called Strike 0-1: SINGLE (Groundball, 56S, EV 65.6 MPH) (infield hit) Bruno André to third Juan Reyes to second
|
|
Batting: RHB Jonathan Robies
|
0-0: Ground out 4-3 (Groundball, 4, EV 90.0 MPH)
|
| Bottom of the 1st over - 0 runs, 2 hits, 0 errors, 3 left on base; Oklahoma City 0 - Louisville 0 |
| TOP OF THE 2ND |
|
Oklahoma City Dodgers batting - Pitching for Louisville Bats : RHP Matt Moffat
|
|
Batting: LHB Darrell Ortega
|
0-0: Called Strike 0-1: Swinging Strike 0-2: Ball 1-2: Ball 2-2: Strikes out swinging
|
|
Batting: LHB Ryan Murdock
|
0-0: Foul Ball, location: 2F 0-1: Ball 1-1: Ball 2-1: Ball 3-1: Base on Balls
|
|
Batting: LHB Doug Frampton
|
0-0: Hit by Pitch Ryan Murdock to second
|
|
Batting: RHB Rick Pittman
|
0-0: Hit by Pitch Ryan Murdock to third Doug Frampton to second
|
|
Batting: RHB Theo Schepers
|
0-0: Ball 1-0: Called Strike 1-1: Grounds into double play, 6-4-3 (Groundball, 6, EV 103.1 MPH)
|
| Top of the 2nd over - 0 runs, 0 hits, 0 errors, 2 left on base; Oklahoma City 0 - Louisville 0 |
| BOTTOM OF THE 2ND |
|
Louisville Bats batting - Pitching for Oklahoma City Dodgers : LHP Elijah McLeod
|
|
Batting: SHB Freddie Farrar
|
0-0: DOUBLE (Groundball, 5L, EV 106.9 MPH)
|
|
Batting: RHB Ben Hinman
|
0-0: Called Strike 0-1: Fly out, F7 (Line Drive, 7, EV 103.8 MPH)
|
|
Batting: LHB Jared Paige
|
0-0: Ball 1-0: Fly out, F8 (Flyball, 8RM, EV 84.4 MPH)
|
|
Batting: RHB Won-jun Park
|
0-0: Ball 1-0: Called Strike 1-1: Foul Ball, location: 2F 1-2: Foul Ball, location: 2F 1-2: Ball 2-2: SINGLE (Groundball, 6, EV 99.4 MPH) Freddie Farrar to third Runner from 3rd tries for Home, SAFE, throw by LF to home
|
|
Batting: SHB Paul Sandoval
|
0-0: Foul Ball, location: 2F 0-1: Ball 1-1: Ball 2-1: Fly out, F9 (Flyball, 9, EV 86.9 MPH)
|
| Bottom of the 2nd over - 1 run, 2 hits, 0 errors, 1 left on base; Oklahoma City 0 - Louisville 1 |
| TOP OF THE 3RD |
|
Oklahoma City Dodgers batting - Pitching for Louisville Bats : RHP Matt Moffat
|
|
Batting: RHB Jason Baldwin
|
0-0: Ball 1-0: Ball 2-0: Foul Ball, location: 2F 2-1: SINGLE (Groundball, 6MD, EV 95.6 MPH)
|
|
Batting: RHB Tommy Hunter
|
0-0: Called Strike 0-1: Grounds into double play, 6-4-3 (Groundball, 6, EV 85.0 MPH)
|
|
Batting: RHB Carlos Gonzalez
|
0-0: Foul Ball, location: 2F 0-1: Ball 1-1: Ball 2-1: Swinging Strike 2-2: Fly out, F8 (Flyball, 8LD, EV 103.1 MPH)
|
| Top of the 3rd over - 0 runs, 1 hit, 0 errors, 0 left on base; Oklahoma City 0 - Louisville 1 |
| BOTTOM OF THE 3RD |
|
Louisville Bats batting - Pitching for Oklahoma City Dodgers : LHP Elijah McLeod
|
|
Batting: RHB Bruno André
|
0-0: Foul Ball, location: 2F 0-1: Called Strike 0-2: Foul Ball, location: 2F 0-2: Strikes out swinging
|
|
Batting: RHB Juan Reyes
|
0-0: Called Strike 0-1: Fly out, F7 (Line Drive, 7, EV 88.1 MPH)
|
|
Batting: LHB Leo Gomez
|
0-0: Ball 1-0: Ball 2-0: Swinging Strike 2-1: Called Strike 2-2: SINGLE (Groundball, 34D, EV 94.4 MPH)
|
|
Batting: RHB Jonathan Robies
|
0-0: Called Strike Leo Gomez steals 2nd, throwing error, E2 Leo Gomez to third 0-1: Ball 1-1: Ground out 4-3 (Groundball, 4, EV 103.8 MPH)
|
| Bottom of the 3rd over - 0 runs, 1 hit, 1 error, 1 left on base; Oklahoma City 0 - Louisville 1 |
| TOP OF THE 4TH |
|
Oklahoma City Dodgers batting - Pitching for Louisville Bats : RHP Matt Moffat
|
|
Batting: RHB Alex Cid
|
0-0: Called Strike 0-1: Ball 1-1: Ball 2-1: Ball 3-1: Fly out, F8 (Flyball, 89M, EV 93.1 MPH)
|
|
Batting: LHB Darrell Ortega
|
0-0: Ball 1-0: Ground out 4-3 (Groundball, 34, EV 107.5 MPH)
|
|
Batting: LHB Ryan Murdock
|
0-0: Called Strike 0-1: Ground out 3-1 (Groundball, 34, EV 80.0 MPH)
|
| Top of the 4th over - 0 runs, 0 hits, 0 errors, 0 left on base; Oklahoma City 0 - Louisville 1 |
| BOTTOM OF THE 4TH |
|
Louisville Bats batting - Pitching for Oklahoma City Dodgers : LHP Elijah McLeod
|
|
Batting: SHB Freddie Farrar
|
0-0: Ball 1-0: Called Strike 1-1: Ball 2-1: Called Strike 2-2: SINGLE (Flyball, 78S, EV 90.0 MPH)
|
|
Batting: RHB Ben Hinman
|
0-0: Swinging Strike 0-1: DOUBLE (Flyball, 8LXD, EV 105.0 MPH) Freddie Farrar to third Runner from 3rd tries for Home, SAFE, no throw by CF
|
|
Batting: LHB Jared Paige
|
0-0: SINGLE (Flyball, 8RS, EV 99.4 MPH) Ben Hinman to third
|
|
Batting: RHB Won-jun Park
|
0-0: Ball 1-0: Called Strike 1-1: Called Strike 1-2: Ball 2-2: SINGLE (Flyball, 7, EV 93.8 MPH) Ben Hinman scores Jared Paige to second
|
|
Batting: SHB Paul Sandoval
|
0-0: Called Strike 0-1: SINGLE (Groundball, 4D, EV 99.4 MPH) Jared Paige to third Won-jun Park to second
|
|
Batting: RHB Bruno André
|
0-0: Foul Ball, location: 2F 0-1: Foul Ball, location: 2F 0-2: Ball Wild Pitch! Jared Paige scores Won-jun Park to third Paul Sandoval to second 1-2: SINGLE (Line Drive, 8RS, EV 90.6 MPH) Won-jun Park scores Paul Sandoval to third
|
|
Pitching: RHP Aaron Schneider
|
|
|
Batting: RHB Juan Reyes
|
0-0: Foul Ball, location: 2F 0-1: Called Strike Bruno André is caught stealing 2nd base 2-4 0-2: Strikes out swinging
|
|
Batting: LHB Leo Gomez
|
0-0: Ball 1-0: Foul Ball, location: 2F 1-1: Swinging Strike 1-2: Strikes out swinging
|
| Bottom of the 4th over - 4 runs, 6 hits, 0 errors, 1 left on base; Oklahoma City 0 - Louisville 5 |
| TOP OF THE 5TH |
|
Oklahoma City Dodgers batting - Pitching for Louisville Bats : RHP Matt Moffat
|
|
Batting: LHB Doug Frampton
|
0-0: Called Strike 0-1: Fly out, F9 (Flyball, 9, EV 84.4 MPH)
|
|
Batting: RHB Rick Pittman
|
0-0: Foul Ball, location: 2F 0-1: Foul Ball, location: 2F 0-2: Strikes out swinging
|
|
Batting: RHB Theo Schepers
|
0-0: Ball 1-0: Called Strike 1-1: Ball 2-1: Ground out 5-3 (Groundball, 5, EV 100.0 MPH)
|
| Top of the 5th over - 0 runs, 0 hits, 0 errors, 0 left on base; Oklahoma City 0 - Louisville 5 |
| BOTTOM OF THE 5TH |
|
Louisville Bats batting - Pitching for Oklahoma City Dodgers : RHP Aaron Schneider
|
|
Batting: RHB Jonathan Robies
|
0-0: Ball 1-0: Swinging Strike 1-1: Foul Ball, location: 2F 1-2: Ball 2-2: Fly out, F9 (Flyball, 89M, EV 83.8 MPH)
|
|
Batting: SHB Freddie Farrar
|
0-0: Ball 1-0: Called Strike 1-1: Ball 2-1: Swinging Strike 2-2: Ball 3-2: Base on Balls
|
|
Batting: RHB Ben Hinman
|
0-0: Grounds into double play, 4-6-3 (Groundball, 4S, EV 78.8 MPH)
|
| Bottom of the 5th over - 0 runs, 0 hits, 0 errors, 0 left on base; Oklahoma City 0 - Louisville 5 |
| TOP OF THE 6TH |
|
Oklahoma City Dodgers batting - Pitching for Louisville Bats : RHP Matt Moffat
|
|
Batting: RHB Jason Baldwin
|
0-0: Swinging Strike 0-1: Swinging Strike 0-2: Strikes out swinging
|
|
Batting: RHB Tommy Hunter
|
0-0: Called Strike 0-1: Ground out 5-3 (Groundball, 56, EV 103.8 MPH)
|
|
Batting: RHB Carlos Gonzalez
|
0-0: Ball 1-0: Fly out, F9 (Flyball, 9D, EV 92.5 MPH)
|
| Top of the 6th over - 0 runs, 0 hits, 0 errors, 0 left on base; Oklahoma City 0 - Louisville 5 |
| BOTTOM OF THE 6TH |
|
Louisville Bats batting - Pitching for Oklahoma City Dodgers : RHP Aaron Schneider
|
|
Batting: LHB Jared Paige
|
0-0: Called Strike 0-1: Ball 1-1: Foul Ball, location: 2F 1-2: Ball 2-2: Strikes out looking
|
|
Batting: RHB Won-jun Park
|
0-0: Called Strike 0-1: Foul Ball, location: 2F 0-2: Strikes out looking
|
|
Batting: SHB Paul Sandoval
|
0-0: Ball 1-0: Ground out 4-3 (Groundball, 4, EV 101.9 MPH)
|
| Bottom of the 6th over - 0 runs, 0 hits, 0 errors, 0 left on base; Oklahoma City 0 - Louisville 5 |
| TOP OF THE 7TH |
|
Oklahoma City Dodgers batting - Pitching for Louisville Bats : RHP Matt Moffat
|
|
Batting: RHB Alex Cid
|
0-0: Ball 1-0: Ball 2-0: Foul Ball, location: 2F 2-1: Swinging Strike 2-2: Ball 3-2: Foul Ball, location: 2F 3-2: Base on Balls
|
|
Batting: LHB Darrell Ortega
|
0-0: Called Strike 0-1: Ball 1-1: Ball 2-1: Called Strike 2-2: Ball 3-2: Foul Ball, location: 2F 3-2: Base on Balls Alex Cid to second
|
|
Batting: LHB Ryan Murdock
|
0-0: Ball 1-0: Called Strike 1-1: Ball 2-1: Ball 3-1: Called Strike 3-2: Base on Balls Alex Cid to third Darrell Ortega to second
|
|
Batting: LHB Doug Frampton
|
0-0: Called Strike 0-1: Called Strike 0-2: Strikes out looking
|
|
Batting: RHB Rick Pittman
|
0-0: Foul Ball, location: 2F 0-1: Foul Ball, location: 2F 0-2: Strikes out swinging
|
|
Batting: RHB Theo Schepers
|
0-0: Ball 1-0: Fly out, F7 (Line Drive, 78M, EV 96.9 MPH)
|
| Top of the 7th over - 0 runs, 0 hits, 0 errors, 3 left on base; Oklahoma City 0 - Louisville 5 |
| BOTTOM OF THE 7TH |
|
Louisville Bats batting - Pitching for Oklahoma City Dodgers : RHP Aaron Schneider
|
|
Batting: RHB Bruno André
|
0-0: Foul Ball, location: 2F 0-1: Ground out 6-3 (Groundball, 6, EV 90.6 MPH)
|
|
Batting: RHB Juan Reyes
|
0-0: Ball 1-0: SINGLE (Line Drive, 56D, EV 105.0 MPH)
|
|
Batting: LHB Leo Gomez
|
0-0: Fly out, F8 (Flyball, 89S, EV 92.5 MPH)
|
|
Batting: RHB Jonathan Robies
|
0-0: Called Strike 0-1: Swinging Strike 0-2: Ball 1-2: Fly out, F9 (Flyball, 89S, EV 88.8 MPH)
|
| Bottom of the 7th over - 0 runs, 1 hit, 0 errors, 1 left on base; Oklahoma City 0 - Louisville 5 |
| TOP OF THE 8TH |
|
Oklahoma City Dodgers batting - Pitching for Louisville Bats : RHP Matt Moffat
|
|
Pitching: RHP Roberto Cortez
|
|
|
Batting: RHB Jason Baldwin
|
0-0: Called Strike 0-1: Ball 1-1: SINGLE (Line Drive, 4D, EV 106.9 MPH)
|
|
Batting: RHB Tommy Hunter
|
0-0: Called Strike 0-1: Ball 1-1: Fly out, F9 (Line Drive, 89M, EV 90.6 MPH)
|
|
Batting: RHB Carlos Gonzalez
|
0-0: Called Strike 0-1: Foul Ball, location: 2F 0-2: Ball 1-2: Strikes out swinging
|
|
Batting: RHB Alex Cid
|
0-0: Ball 1-0: Called Strike 1-1: Fly out, F8 (Flyball, 89D, EV 98.8 MPH)
|
| Top of the 8th over - 0 runs, 1 hit, 0 errors, 1 left on base; Oklahoma City 0 - Louisville 5 |
| BOTTOM OF THE 8TH |
|
Louisville Bats batting - Pitching for Oklahoma City Dodgers : RHP Aaron Schneider
|
|
Batting: SHB Freddie Farrar
|
0-0: Called Strike 0-1: Ball 1-1: Swinging Strike 1-2: Foul Ball, location: 2F 1-2: Ground out 2-3 (Groundball, 2R, EV 63.1 MPH)
|
|
Batting: RHB Ben Hinman
|
0-0: Called Strike 0-1: Called Strike 0-2: Ball 1-2: Ball 2-2: Foul Ball, location: 2F 2-2: SINGLE (Groundball, 56D, EV 94.4 MPH)
|
|
Pitching: RHP Victor Torres
|
|
|
Batting: LHB Jared Paige
|
0-0: Ball 1-0: Ball 2-0: Called Strike 2-1: Ball 3-1: Fly out, F8 (Flyball, 8RM, EV 90.0 MPH)
|
|
Batting: RHB Won-jun Park
|
0-0: Called Strike 0-1: Swinging Strike 0-2: Ground out 5-3 (Groundball, 5S, EV 71.2 MPH)
|
| Bottom of the 8th over - 0 runs, 1 hit, 0 errors, 1 left on base; Oklahoma City 0 - Louisville 5 |
| TOP OF THE 9TH |
|
Oklahoma City Dodgers batting - Pitching for Louisville Bats : RHP Roberto Cortez
|
|
Batting: LHB Darrell Ortega
|
0-0: DOUBLE (Groundball, 3L, EV 111.9 MPH)
|
|
Batting: LHB Ryan Murdock
|
0-0: Ball 1-0: Called Strike 1-1: Ground out 4-3 (Groundball, 4, EV 78.1 MPH) Darrell Ortega to third
|
|
Batting: LHB Doug Frampton
|
0-0: Swinging Strike 0-1: Called Strike 0-2: Ball 1-2: Strikes out swinging
|
|
Batting: RHB Rick Pittman
|
0-0: Ball 1-0: Ball 2-0: Called Strike 2-1: Called Strike 2-2: SINGLE (Groundball, 56D, EV 106.9 MPH) Darrell Ortega scores
|
|
Batting: RHB Theo Schepers
|
0-0: Ball 1-0: Foul Ball, location: 2F 1-1: Ball 2-1: SINGLE (Groundball, 6MS, EV 70.6 MPH) (infield hit) Rick Pittman to second
|
|
Pitching: RHP Tim Bant
|
|
|
Batting: RHB Jason Baldwin
|
0-0: Ball 1-0: Foul Ball, location: 2F 1-1: Ball 2-1: Called Strike 2-2: Foul Ball, location: 2F 2-2: Foul Ball, location: 2F 2-2: Strikes out swinging
|
| Top of the 9th over - 1 run, 3 hits, 0 errors, 2 left on base; Oklahoma City 1 - Louisville 5 |
|